 Dungeon Crawl Stone Soup version 0.27-a0-287-gd4424db430 (webtiles) character file.

Game seed: 1750785017653548254

69 Anon1729 the Conjurer (level 3, -1/26 HPs)
             Began as a Demigod Conjurer on Feb 8, 2021.
             Killed from afar by Sigmund (8 damage)
             ... with a puff of flame
             ... on level 2 of the Dungeon.
             The game lasted 00:02:15 (1529 turns).

Anon1729 the Conjurer (Demigod Conjurer)            Turns: 1529, Time: 00:02:16

Health: -1/26      AC:  2    Str: 10    XL:     3   Next: 75%
Magic:  5/9        EV: 12    Int: 24    God:
Gold:   48         SH:  0    Dex: 14    Spells: 3/6 levels left

rFire    . . .     SeeInvis .   (no weapon)
rCold    . . .     Faith    .   (no shield)
rNeg     . . .     Spirit   .   a - +0 robe
rPois    .         Reflect  .   (no helmet)
rElec    .         Harm     .   (no cloak)
rCorr    .         Rampage  .   (no gloves)
Will     .....                  (no boots)
Stlth    ++........             (no amulet)
HPRegen  0.08/turn              (no ring)
MPRegen  0.11/turn              (no ring)

@: no status effects
A: high mp 1
a: no special abilities


You were on level 2 of the Dungeon.
You visited 1 branch of the dungeon, and saw 2 of its levels.

You collected 48 gold pieces.

Inventory:

Armour
 a - a +0 robe (worn)
Scrolls
 b - a scroll of remove curse {unknown}
 e - 4 scrolls of identify {unknown}
Potions
 c - a potion of mutation {unknown}
 d - a potion of heal wounds {unknown}
 f - a potion of ambrosia {unknown}
 g - a potion of degeneration {unknown}


   Skills:
 + Level 2.3 Dodging
 + Level 2.2 Stealth
 * Level 2.4 Spellcasting
 * Level 4.2 Conjurations


You had 3 spell levels left.
You knew the following spells:

 Your Spells              Type           Power        Failure   Level
a - Magic Dart            Conj           92%          1%          1
b - Searing Ray           Conj           46%          3%          2

Your spell library contained the following spells:

 Spells                   Type           Power        Failure   Level
 Dazzling Flash           Conj/Hex       26%          14%         3
 Fulminant Prism          Conj/Hex       6%           43%         4
 Iskenderun's Mystic Bla  Conj/Tloc      13%          43%         4


Dungeon Overview and Level Annotations

Branches:
Dungeon (2/15)

Annotations:
D:2 Sigmund


Innate Abilities, Weirdness & Mutations

You have an increased reservoir of magic. (+10% MP)


Message History

e - 4 scrolls labelled PIEFUX RYADIJE (gained 1)
g - a red potion
Casting: Magic Dart (safe; 1% risk of failure)
Confirm with . or Enter, or press ? or * to list all spells.
Aiming: Searing Ray (safe; 3% risk of failure)
Press: ? - help, Shift-Dir - straight line, f - Sigmund
Aim: Sigmund, wielding a +0 scythe, wearing a cursed +0 robe and carrying a wand of flame (5) (25% to evade)
The searing ray hits Sigmund!
Sigmund is moderately wounded. (Press . to maintain the ray.)
The searing ray hits Sigmund!
Sigmund is heavily wounded.
Sigmund flickers, as though insubstantial.
Sigmund zaps a wand.
The puff of flame hits you!
* * * LOW HITPOINT WARNING * * *
The searing ray hits Sigmund.
Sigmund is severely wounded.
Sigmund gestures at you while chanting. The puff of flame hits you!
You die...

...###...............# #.
...............#.....# ##.
#..................#####..
####...........K.....#K..#w#
#....................#...#.#
........#######............#
..................@......###
....###.#..#####.........#
..##.....†.@.##....###...#..
# #.......#..#.## ###......
.........##@#.# #......>.
...?.......#...####.#####?.
............#.......# ..
............#.####### ..
...........# . .........###
.......


You could see Sigmund.

Vanquished Creatures
  A howler monkey (D:2)
  A worm (D:2)
  A dart slug (D:2)
  2 giant cockroaches (D:1)
  4 goblins (D:1)
  A hobgoblin (D:1)
  3 jackals (D:1)
  3 kobolds (D:1)
  3 bats
  5 frilled lizards (D:1)
  4 rats (D:1)
28 creatures vanquished.

Notes
Turn   | Place    | Note
-------+----------+-------------------------------------------
     0 | D:1      | Anon1729 the Demigod Conjurer began the quest for the Orb.
     0 | D:1      | Reached XP level 1. HP: 14/14 MP: 5/5
   319 | D:1      | Reached XP level 2. HP: 19/20 MP: 0/7
   328 | D:1      | Learned a level 2 spell: Searing Ray
   893 | D:1      | Reached skill level 4 in Conjurations
  1424 | D:2      | Reached XP level 3. HP: 26/26 MP: 3/8
  1467 | D:2      | Noticed Sigmund
  1529 | D:2      | Killed from afar by Sigmund

Illustrated notes

Levels and vault maps discovered:
D:1:      minmay_arrival_glassed_features, layout_loops_corners
D:2:      layout_rooms, nicolae_overflow_crystal_walls, uniq_sigmund,
          uniq_natasha

Skill      XL: |  1  2 |
---------------+-------+-----
Spellcasting   | 2 |  2.4
Dodging        | 2 |  2.3
Stealth        | 2 |  2.2
Conjurations   | 4 |  4.2

Action                   || total
-------------------------++-------
Melee: Unarmed           ||     8
 Cast: Magic Dart        ||    57
       Searing Ray       ||     1
 Stab: Sleeping          ||     1
Armor: Robe              ||     1
Dodge: Dodged            ||    13

Table legend: (Time is in decaauts)
 A = Elapsed time spent in this place.
 B = Non-inter-level travel time spent in this place.
 C = Inter-level travel time spent in this place.
 D = Time resting spent in this place.
 E = Time spent auto-exploring this place.
 F = Levels seen in this place.
 G = Mean time per level.
                   A        B        C        D        E       F      G
               +--------+--------+--------+--------+--------+-----+--------+
         Total |   1528 |   1470 |     58 |     72 |   1234 |   2 |  764.0 |
       Dungeon |   1528 |   1470 |     58 |     72 |   1234 |   2 |  764.0 |
               +--------+--------+--------+--------+--------+-----+--------+

Top non-repeatable levels by time:
     D:1: 1283 daAuts
     D:2: 245 daAuts
